 Dungeon Crawl Stone Soup version 0.30.0-3-ga4e48a9924 (webtiles) character file.

Game seed: 1007482225719508419

146 adizb the Trooper (level 5, -4/42 HPs)
             Began as a Demonspawn Fighter on May 7, 2023.
             Killed by nerve-wracking pain
             ... invoked by Grinder
              (12 damage)
             ... on level 3 of the Dungeon.
             The game lasted 00:07:10 (1540 turns).

adizb the Trooper (Demonspawn Fighter)              Turns: 1540, Time: 00:07:11

Health: -4/42      AC:  6    Str: 18    XL:     5   Next: 7%
Magic:  5/5        EV: 12    Int: 10    God:
Gold:   115        SH:  4    Dex: 12    Spells: 4/4 levels left

rFire   . . .        a - +0 flail
rCold   . . .        c - +0 buckler
rNeg    . . .        b - +0 scale mail
rPois   .            (no helmet)
rElec   .            (no cloak)
rCorr   .            (no gloves)
SInv    .            (no boots)
Will    .....        (no amulet) Stlth
                     (no ring)
HPRegen 0.27/turn    (no ring)
MPRegen 0.09/turn

%: no passive effects
@: no status effects
A: hooves 1, repulsion field 2, ignite blood 1
a: no special abilities


You were on level 3 of the Dungeon.
You visited 1 branch of the dungeon, and saw 3 of its levels.

You collected 115 gold pieces.

Inventory:

Hand Weapons
 a - a +0 flail (weapon)
Armour
 b - a +0 scale mail (worn)
 c - a +0 buckler (worn)
Scrolls
 e - a scroll of brand weapon {unknown}
 l - a scroll of identify {unknown}
Potions
 d - a potion of might
 f - 2 potions of flight {unknown}
 g - a potion of attraction {unknown}
 h - a potion of degeneration {unknown}
 i - a potion of berserk rage {unknown}
 j - a potion of curing {unknown}
 k - a potion of heal wounds {unknown}
 m - 2 potions of invisibility {unknown}


   Skills:
 + Level 3.8 Fighting
 + Level 2.8 Maces & Flails
 + Level 3.5 Armour
 + Level 3.4 Shields


You had 4 spell levels left.
You didn't know any spells.
Your spell library contained the following spells:

 Spells                   Type           Power      Damage    Failure   Level
 Freeze                   Ice            0%         1d3       83%         1
 Frozen Ramparts          Ice            0%         1d1       99%         3
 Hailstorm                Conj/Ice       0%         3d3       99%         3


Dungeon Overview and Level Annotations

Branches:
Dungeon (3/15)

Altars:
Ashenzari
Gozag

Annotations:
D:3 Grinder, Robin


Innate Abilities, Weirdness & Mutations

You have large cloven feet.
You are surrounded by a moderate repulsion field. (EV +3)
Your demonic aura sometimes causes spilled blood to erupt in flames.


Message History

Grinder comes into view.
Grinder gestures at you.
You suddenly lose the ability to move!
Grinder says, "Mostly I couldn't keep them alive."
Grinder gestures at you.
You barely resist.
You can move again.
Grinder gestures at you. Pain shoots through your body!
Grinder gestures at you. Pain shoots through your body!
You sock Grinder! Your kick misses Grinder.
Grinder is moderately wounded.
Grinder blinks!
Grinder gestures at you.
You barely resist.
Grinder blinks!
Grinder gestures at you.
You suddenly lose the ability to move!
Grinder blinks!
Grinder gestures at you. Pain shoots through your body!
You can move again.
Grinder gestures at you. Pain shoots through your body!
Grinder gestures at you.
You shrug off the repeated paralysis!
Grinder misses you.
You barely miss Grinder. You kick Grinder.
Grinder is moderately wounded.
Grinder misses you. Grinder hits you but does no damage.
You hit Grinder.
Grinder is moderately wounded.
Grinder hits you!
You writhe in agony.
* * * LOW HITPOINT WARNING * * *
You barely miss Grinder. Your kick misses Grinder.
Grinder is moderately wounded.
Grinder gestures at you. Pain shoots through your body!
You die...

#....##...............## #####
#.##.........).........# #...#
#.##...................# ####...#
#.##......#............###......#
#.##......#......................
#.##......#......................
#.##.#+####................:.....
...#.#.# #..................#....
####.#.###......@.......... #...#
................5......### #####
.####...#..............# # .#
#...#.........##.... .
.####...#.........#...##...... #
........#..............+......
.......##>............##....#
.......##.........#....#?...
.#####......###### ......#


You could see Grinder.

Vanquished Creatures
  A scorpion (D:3)
  2 adders
  A worm (D:3)
  5 endoplasms
  2 giant cockroaches
  10 goblins
  5 hobgoblins
  9 jackals
  4 quokkas
  6 ball pythons
  3 bats
  3 frilled lizards
  4 kobolds
  5 rats
60 creatures vanquished.

Notes
Turn   | Place    | Note
-------+----------+-------------------------------------------
     0 | D:1      | adizb the Demonspawn Fighter began the quest for the Orb.
     0 | D:1      | Reached XP level 1. HP: 18/18 MP: 1/1
   477 | D:1      | Gained mutation: Your demonic aura sometimes causes spilled
                  | blood to erupt in flames. [demonic ancestry]
   477 | D:1      | Reached XP level 2. HP: 14/24 MP: 2/2
   767 | D:1      | You fall into a shaft and drop 1 floor!
   962 | D:2      | Gained mutation: You have large cloven feet. [demonic
                  | ancestry]
   962 | D:2      | Reached XP level 3. HP: 16/29 MP: 3/3
  1287 | D:3      | Gained mutation: You are surrounded by a mild repulsion
                  | field. (EV +2) [demonic ancestry]
  1287 | D:3      | Reached XP level 4. HP: 32/35 MP: 4/4
  1334 | D:3      | Noticed a scorpion
  1345 | D:3      | Killed a scorpion
  1354 | D:3      | Found a broken altar of Ashenzari.
  1373 | D:3      | Noticed Robin
  1381 | D:3      | Gained mutation: You are surrounded by a moderate repulsion
                  | field. (EV +3) [demonic ancestry]
  1381 | D:3      | Reached XP level 5. HP: 29/42 MP: 5/5
  1391 | D:3      | Found an opulent altar of Gozag.
  1519 | D:3      | Noticed Grinder
  1520 | D:3      | Paralysed by Grinder for 4 turns
  1530 | D:3      | Paralysed by Grinder for 5 turns
  1540 | D:3      | Killed from afar by Grinder

Illustrated notes

Levels and vault maps discovered:
D:1:      minmay_arrival_loop, layout_loops_corners, bh_walls_and_bars
D:2:      layout_rooms, basic_altar
D:3:      layout_basic, nicolae_gozag_seed_capital,
          ashenzari_conservatory_becter, kennysheep_flooded_box, uniq_grinder,
          uniq_robin, uniq_sigmund

Skill      XL: |  1  2 |
---------------+-------+-----
Maces & Flails | 2 |  2.8
Armour         | 3 |  3.5
Shields        | 3 |  3.4
Fighting       | |  3.8

Action                     |  1- 3 |  4- 6 || total
---------------------------+-------+-------++-------
  Melee: Flail             |   139 |    43 ||   182
         Kick              |     8 |    10 ||    18
    Use: Scroll            |       |     2 ||     2
 Armour: Scale mail        |    61 |    29 ||    90
  Dodge: Dodged            |    62 |    45 ||   107
  Block: Buckler           |    19 |    17 ||    36
